[Event "FIDE World School-ch O-9 2025"]
[Site "Vrnjacka Banja"]
[Date "2025.03.27"]
[Round "8.1"]
[White "Nematillakhonov, Nurmuhammad"]
[Black "Sultankhan, Nurislam"]
[Result "1-0"]
[Annotator "NA RC"]
[ECO "D20"]
[WhiteElo "1767"]
[BlackElo "1649"]
[PlyCount "193"]
[EventDate "2025.03.19"]
[EventType "swiss"]
[EventCountry "SRB"]
[SourceTitle "playchess.com"]
[Source "ChessBase"]
[SourceQuality "1"]
[TimeControl "5400+30"]

1. d4 d5 2. c4 dxc4 3. e3 e5 4. Bxc4 exd4 5. Nf3 Bb4+ 6. Bd2 Bxd2+ 7. Qxd2 Nc6 8. exd4 Nf6 9. Ne5 O-O 10. Nxc6 bxc6 11. O-O Bf5 12. Nc3 Qd6 13. h3 h6 14. Rfe1 Rad8 15. Rad1 Rfe8 16. Ne2 Re7 17. Ng3 Rxe1+ 18. Rxe1 Bg6 19. Rd1 c5 20. d5 Re8 21. Bb5 Re5 22. Bc6 Rg5 23. Qe3 Kh7 24. f4 Nxd5 25. Qf3 Rxg3 26. Qxg3 Qxc6 27. Qf3 Ne7 28. Qxc6 Nxc6 29. Rd7 Nb4 30. Rxc7 Nxa2 31. Rxc5 Be4 32. Ra5 Nb4 33. Ra4 a5 34. g3 Bf5 35. g4 Bc2 36. Rxa5 Nd3 37. f5 g6 38. fxg6+ Kxg6 39. Rb5 Nf4 40. Kh2 f5 41. Rc5 Be4 42. b4 Nd3 43. Rc4 Ne5 44. Rc5 Nd3 45. gxf5+ Bxf5 46. Rc6+ Kg5 47. b5 Ne5 48. Rc5 Kf4 49. b6 Be4 50. Rc7 Kf3 51. Re7 Kf4 52. Kg1 Bd5 53. Kf2 Nd3+ 54. Kg1 Ne5 55. b7 Bxb7 56. Rxb7 Kg3 57. Rb3+ Nf3+ 58. Kf1 Kf4 59. Kf2 Nh4 60. Rg3 h5 61. Ra3 Nf5 62. Ra5 Ng7 63. Ra4+ Kg5 64. Kf3 Ne6 65. Kg3 Ng7 66. Ra5+ Kg6 67. Ra6+ Kg5 68. h4+ Kf5 69. Kf3 Ke5 70. Ra5+ Kf6 71. Ke4 Kg6 72. Ra6+ Kf7 73. Kf4 Ne6+ 74. Kf5 Ng7+ 75. Kg5 Ne6+ 76. Kxh5 Nf8 77. Kh6 Kg8 78. h5 Kh8 79. Ra7 Kg8 80. Re7 Kh8 81. Kg5 Kg8 82. Kf5 Nh7 83. h6 Nf8 84. Re8 Kf7 85. Ra8 Nh7 86. Rh8 Nf8 87. h7 Ng6 88. Rf8+ Nxf8 89. h8=Q Nd7 90. Qd8 Nf8 91. Qc7+ Ke8 92. Kf6 Nd7+ 93. Ke6 Nf8+ 94. Kd6 Ng6 95. Qg7 Kd8 96. Qg8+ Nf8 97. Qxf8# 1-0

[Event "FIDE World School-ch O-9 2025"]
[Site "Vrnjacka Banja"]
[Date "2025.03.27"]
[Round "8.2"]
[White "Wee, Yu Heng Lucas John"]
[Black "Agar, Garig"]
[Result "1-0"]
[Annotator "NA RC"]
[ECO "D37"]
[WhiteElo "1680"]
[BlackElo "1620"]
[PlyCount "127"]
[EventDate "2025.03.19"]
[EventType "swiss"]
[EventCountry "SRB"]
[SourceTitle "playchess.com"]
[Source "ChessBase"]
[SourceQuality "1"]
[TimeControl "5400+30"]

1. d4 d5 2. c4 e6 3. Nc3 a6 4. cxd5 exd5 5. Nf3 Nf6 6. Bg5 Be6 7. Bxf6 gxf6 8. e3 Nd7 9. Bd3 Nb6 10. Qc2 h6 11. e4 Qd7 12. O-O-O O-O-O 13. Kb1 Rg8 14. Nh4 Be7 15. f4 Bg4 16. Rde1 dxe4 17. Bxe4 Bb4 18. h3 Be6 19. f5 Bc4 20. Rd1 Rde8 21. Rhe1 Bb5 22. a3 Bd6 23. Nf3 Na4 24. Nd5 Be7 25. b3 Kb8 26. bxa4 Bxa4 27. Qb2 Bxa3 28. Qxa3 Bxd1 29. Nxf6 Qb5+ 30. Qb2 Bxf3 31. Qxb5 axb5 32. gxf3 Rxe4 33. fxe4 Rg3 34. e5 Rxh3 35. e6 fxe6 36. fxe6 Rb3+ 37. Kc2 Rh3 38. e7 Rh2+ 39. Kb1 c5 40. e8=Q+ Ka7 41. dxc5 Rf2 42. Qxb5 Rxf6 43. Qa5+ Ra6 44. Qxa6+ Kxa6 45. Re6+ Kb5 46. Rb6+ Kxc5 47. Rxb7 Kd4 48. Rh7 Ke5 49. Rxh6 Kd5 50. Kc2 Ke5 51. Kd3 Kf5 52. Rc6 Ke5 53. Rc5+ Kd6 54. Kd4 Ke6 55. Rd5 Kf6 56. Re5 Kg6 57. Ke4 Kf6 58. Kf4 Kf7 59. Kf5 Kg7 60. Re7+ Kf8 61. Kf6 Kg8 62. Re8+ Kh7 63. Ra8 Kh6 64. Rh8# 1-0

[Event "FIDE World School-ch O-9 2025"]
[Site "Vrnjacka Banja"]
[Date "2025.03.27"]
[Round "8.3"]
[White "Dede, Omer Taha"]
[Black "Batbileg, Boldbaatar"]
[Result "0-1"]
[Annotator "NA RC"]
[ECO "D31"]
[WhiteElo "1647"]
[BlackElo "1637"]
[PlyCount "104"]
[EventDate "2025.03.19"]
[EventType "swiss"]
[EventCountry "SRB"]
[SourceTitle "playchess.com"]
[Source "ChessBase"]
[SourceQuality "1"]
[TimeControl "5400+30"]

1. d4 d5 2. c4 e6 3. Nc3 a6 4. Nf3 dxc4 5. Bf4 b5 6. e3 Nf6 7. Rc1 Bb7 8. Be2 Bd6 9. Bxd6 cxd6 10. O-O O-O 11. Qc2 Nbd7 12. Rfd1 Rc8 13. Qd2 Qb6 14. Qe1 e5 15. Qf1 e4 16. Nd2 d5 17. h3 b4 18. Ncb1 Qa5 19. a3 bxa3 20. bxa3 c3 21. Nb3 Qa4 22. Nxc3 Qxb3 23. Rb1 Qxc3 24. Rxb7 Rb8 25. Rc1 Qxc1 26. Qxc1 Rxb7 27. Bxa6 Rb6 28. Be2 Rfb8 29. Kh2 Rb2 30. Ba6 Rxf2 31. Kg3 Rbb2 32. Qc8+ Nf8 33. Bb7 Rxg2+ 34. Kf4 N6d7 35. Bxd5 Rbf2+ 36. Kxe4 Nf6+ 37. Ke5 Rg5+ 38. Kd6 Rxd5+ 39. Ke7 Rd7+ 40. Qxd7 N8xd7 41. d5 Re2 42. d6 Rxe3+ 43. Kd8 Rxa3 44. h4 Rh3 45. h5 Rxh5 46. Ke7 g5 47. Kd8 g4 48. Ke7 g3 49. Kd8 g2 50. Ke7 g1=Q 51. Kd8 Qb6+ 52. Ke7 Re5# 0-1

[Event "FIDE World School-ch O-9 2025"]
[Site "Vrnjacka Banja"]
[Date "2025.03.27"]
[Round "8.4"]
[White "Bondarev, Fedor"]
[Black "Lee, Jinwoo A"]
[Result "1-0"]
[Annotator "NA RC"]
[ECO "A96"]
[WhiteElo "1598"]
[BlackElo "1525"]
[PlyCount "77"]
[EventDate "2025.03.19"]
[EventType "swiss"]
[EventCountry "SRB"]
[SourceTitle "playchess.com"]
[Source "ChessBase"]
[SourceQuality "1"]
[TimeControl "5400+30"]

1. Nf3 f5 2. d4 Nf6 3. c4 e6 4. Nc3 d6 5. g3 Be7 6. Bg2 O-O 7. O-O Ne4 8. Ne1 Nxc3 9. bxc3 e5 10. Ba3 e4 11. f3 Bg5 12. Bc1 Bxc1 13. Qxc1 d5 14. cxd5 Re8 15. fxe4 fxe4 16. Qf4 Qe7 17. Bxe4 Nd7 18. Bf3 Nf6 19. Nd3 Bh3 20. Rfe1 Rf8 21. Qd2 Ne4 22. Qe3 Rae8 23. Bxe4 Qxe4 24. Qxe4 Rxe4 25. Nf2 Re7 26. Nxh3 b6 27. e4 Rfe8 28. e5 Kf7 29. Rf1+ Kg8 30. Rf3 h6 31. Raf1 c5 32. d6 Rd7 33. Nf4 g5 34. Nd5 Red8 35. Nf6+ Kg7 36. Nxd7 Rxd7 37. d5 Kg8 38. e6 Rd8 39. e7 1-0

[Event "FIDE World School-ch O-9 2025"]
[Site "Vrnjacka Banja"]
[Date "2025.03.27"]
[Round "8.5"]
[White "Redkin, Dmitriy S"]
[Black "Erkin, Galam"]
[Result "1/2-1/2"]
[Annotator "NA RC"]
[ECO "C04"]
[WhiteElo "2042"]
[BlackElo "1570"]
[PlyCount "61"]
[EventDate "2025.03.19"]
[EventType "swiss"]
[EventCountry "SRB"]
[SourceTitle "playchess.com"]
[Source "ChessBase"]
[SourceQuality "1"]
[TimeControl "5400+30"]

1. e4 e6 2. d4 d5 3. Nd2 Nc6 4. Ngf3 Nf6 5. exd5 exd5 6. c3 Bd6 7. Bd3 Qe7+ 8. Qe2 Qxe2+ 9. Kxe2 O-O 10. Nf1 Re8+ 11. Ne3 g6 12. Kd2 Ne4+ 13. Bxe4 dxe4 14. Ng1 f5 15. Ne2 f4 16. Nc4 f3 17. Nxd6 cxd6 18. gxf3 exf3 19. Ng3 d5 20. b3 Ne7 21. Ba3 Nf5 22. Rhe1 Bd7 23. Nxf5 Bxf5 24. Bd6 Rac8 25. Rxe8+ Rxe8 26. Be5 Rc8 27. Rc1 b5 28. Bd6 Kf7 29. Bc5 Re8 30. Re1 Rxe1 31. Kxe1 1/2-1/2

[Event "FIDE World School-ch O-9 2025"]
[Site "Vrnjacka Banja"]
[Date "2025.03.27"]
[Round "8.6"]
[White "Ulan, Rizat"]
[Black "Zhanabayev, Arystan"]
[Result "1-0"]
[Annotator "NA RC"]
[ECO "B38"]
[WhiteElo "1769"]
[BlackElo "1507"]
[PlyCount "149"]
[EventDate "2025.03.19"]
[EventType "swiss"]
[EventCountry "SRB"]
[SourceTitle "playchess.com"]
[Source "ChessBase"]
[SourceQuality "1"]
[TimeControl "5400+30"]

1. e4 c5 2. Nf3 Nc6 3. d4 cxd4 4. Nxd4 g6 5. c4 Bg7 6. Be3 Qb6 7. Nb3 Qd8 8. Nc3 Nf6 9. Be2 O-O 10. O-O d6 11. f3 a5 12. Qd2 a4 13. Nd4 Nxd4 14. Bxd4 Nd7 15. Bxg7 Kxg7 16. Qd4+ f6 17. Nd5 Nc5 18. Qe3 Be6 19. b4 axb3 20. axb3 Rxa1 21. Rxa1 Bxd5 22. exd5 Rf7 23. b4 Na6 24. Qa7 Qc8 25. Qb6 h5 26. Kf1 h4 27. Rc1 Qc7 28. Qb5 g5 29. Kg1 f5 30. c5 dxc5 31. bxc5 Qf4 32. Qb2+ Kg6 33. c6 Nc5 34. cxb7 Nxb7 35. Rc6+ Nd6 36. Qh8 Qe3+ 37. Kf1 f4 38. Rc3 Rh7 39. Rxe3 Rxh8 40. Rxe7 Rd8 41. Bd3+ Kf6 42. Re6+ Kf7 43. Rg6 Nc4 44. Rxg5 Ne3+ 45. Ke2 Kf6 46. Rg6+ Ke7 47. Be4 Rb8 48. g3 Rb2+ 49. Kd3 Rxh2 50. gxf4 Ng2 51. d6+ Kd8 52. Kd4 Nxf4 53. Rg8+ Kd7 54. Ke5 Ne6 55. Rh8 Ng7 56. Rh7 Rg2 57. f4 Rg1 58. Kf6 Kxd6 59. Rxg7 Rf1 60. Kf5 Rf2 61. Rh7 Rh2 62. Kg4 Ke6 63. Rh6+ Kf7 64. Rxh4 Rb2 65. Kg5 Rb5+ 66. f5 Kg7 67. Bf3 Ra5 68. Bg4 Rc5 69. Rh3 Ra5 70. Rb3 Ra7 71. f6+ Kh7 72. Rh3+ Kg8 73. Be6+ Rf7 74. Rh6 Kf8 75. Rh8# 1-0